 Dungeon Crawl Stone Soup version 0.16-a0-2675-g216447c (webtiles) character file.

25 monstruo the Magician (level 3, -3/19 HPs)
             Began as a Gargoyle Wizard on Nov 24, 2014.
             Slain by a worm (7 damage)
             ... on level 2 of the Dungeon.
             The game lasted 00:07:43 (1167 turns).

monstruo the Magician (Gargoyle Wizard)             Turns: 1167, Time: 00:07:43

Health: -3/19      AC:  5    Str: 10    XL:     3   Next: 4%
Magic:  0/8        EV: 11    Int: 19    God:
Gold:   75         SH:  0    Dex:  8    Spells: 4 memorised, 0 levels left

rFire  . . .     SeeInvis .     (no weapon)
rCold  . . .     Clarity  .     a - +0 robe
rNeg   + . .     SustAb   .     (no shield)
rPois  ∞         Gourm    .     b - +0 hat
rElec  +         Spirit   .     (no cloak)
rCorr  .         Warding  .     (no gloves)
rMut   .         Stasis   .     (no boots)
MR     .....                    (no amulet)
Stlth  ++........               (no ring)
                                (no ring)

@: not resistant to hostile enchantments, unstealthy
A: negative energy resistance 1, electricity resistance, unbreathing,
petrification resistance, rot immunity, AC +3
a: no special abilities


You were on level 2 of the Dungeon.
You were hungry.

You visited 1 branch of the dungeon, and saw 2 of its levels.

You collected 75 gold pieces.

Inventory:

Armour
 a - a +0 robe (worn)
 b - a +0 hat (worn)
Scrolls
 g - 2 scrolls of identify {unknown}
Potions
 e - a potion of restore abilities {unknown}
 f - a potion of curing {unknown}
 h - a potion of cure mutation {unknown}
Books
 c - a book of Minor Magic

   Spells                             Type                      Level
   *Magic Dart                        Conjuration                  1
   Blink                              Translocation                2
   Call Imp                           Summoning                    2
   *Repel Missiles                    Charms/Air                   2
   Slow                               Hexes                        2
   *Conjure Flame                     Conjuration/Fire             3
   *Mephitic Cloud                    Conjuration/Poison/Air       3
Comestibles
 d - 3 bread rations


   Skills:
 - Level 1.5 Dodging
 - Level 2.1 Stealth
 + Level 3.5 Spellcasting
 + Level 2.2 Conjurations
   Level 0.8 Summonings
   Level 0.8 Translocations


You couldn't memorise any spells.
You knew the following spells:

 Your Spells              Type           Power        Failure   Level  Hunger
a - Magic Dart            Conj           ##..         8%          1    None
b - Mephitic Cloud        Conj/Pois/Air  #.......     34%         3    ###....
c - Repel Missiles        Chrm/Air       #.....       24%         2    ##.....
d - Conjure Flame         Conj/Fire      #.......     28%         3    ###....


Dungeon Overview and Level Annotations

Branches:
Dungeon (2/15)

Altars:


Innate Abilities, Weirdness & Mutations

You are resistant to torment.
You are immune to poison.
Your stone body is very resilient (AC +3).
You resist negative energy.
You are resistant to electric shocks.
You can survive without breathing.
You are immune to petrification.
You are immune to rotting.


Message History

You hit the worm.
The worm is heavily wounded.
You barely miss the worm.
The worm is heavily wounded.
The worm bites you.
* * * LOW HITPOINT WARNING * * *
Casting: Mephitic Cloud
Confirm with . or Enter, or press ? or * to list all spells.
You don't have enough magic to cast that spell.
Casting: Mephitic Cloud
Confirm with . or Enter, or press ? or * to list all spells.
Aiming: Magic Dart
Press: ? - help, Shift-Dir - straight line, f - worm, p - jackal
Aim: a worm (heavily wounded)
The magic dart hits the worm.
The worm is heavily wounded.
You hit the worm but do no damage.
The worm is heavily wounded.
The worm bites you!
You die...

....... ..#.....
. ......#.# ...
#..#.#..#
......###...(...$
....†..........#
#..######.#...##
#w# ## #@# #h#
#h# #.##.###.#
#....h.h..
#....###.# #.####
#.# #.#


You could see a worm and 2 jackals.

Vanquished Creatures
  2 bats (D:1)
  2 goblins (D:1)
  3 hobgoblins (D:1)
  6 kobolds (D:1)
  2 giant geckos (D:1)
  4 giant newts
  5 rats (D:1)
24 creatures vanquished.

Notes
Turn   | Place    | Note
--------------------------------------------------------------
     0 | D:1      | monstruo, the Gargoyle Wizard, began the quest for the Orb.
     0 | D:1      | Reached XP level 1. HP: 10/10 MP: 4/4
   206 | D:1      | Reached XP level 2. HP: 15/15 MP: 3/6
   920 | D:1      | Reached XP level 3. HP: 19/19 MP: 2/8
  1127 | D:1      | Learned a level 3 spell: Mephitic Cloud
  1130 | D:1      | Learned a level 2 spell: Repel Missiles
  1134 | D:1      | Learned a level 3 spell: Conjure Flame
  1167 | D:2      | Slain by a worm

Action                   || total
-------------------------++-------
Melee: Unarmed           ||    12
 Cast: Magic Dart        ||    58
       Mephitic Cloud    ||     1
